[Event "WYCC 2018 G18"]
[Site "Halkidiki"]
[Date "2018.10.22"]
[Round "4"]
[White "Vanduyfhuys, Daria"]
[Black "Miller, Rachel"]
[Result "0-1"]
[ECO "A57"]
[WhiteElo "2058"]
[BlackElo "1859"]
[Annotator "NA"]
[PlyCount "80"]
[EventDate "2018.10.20"]
[EventType "swiss"]
[EventCountry "GRE"]
[SourceTitle "playchess.com"]
[Source "ChessBase"]
[SourceQuality "1"]
[TimeControl "40/5400+30:1800+30"]

1. d4 Nf6 2. c4 c5 3. d5 b5 4. Qc2 bxc4 5. e4 d6 6. Bxc4 g6 7. Nf3 Bg7 8. O-O O-O 9. h3 Nbd7 10. Nc3 Ne8 {[%emt 0:02:59] A57: Benko/Volga Gambit} (10... Rb8 11. Re1 Nh5 12. Be2 Ne5 13. Nxe5 Bxe5 14. Bxh5 gxh5 15. Bh6 Re8 16. Qd2 Kh8 17. Bf4 Bd4 18. Be3 {0-1 (63) Dreev,A (2644)-Perunovic,M (2622) Berlin 2015}) 11. Be3 Nc7 12. Rab1 $146 ({Predecessor:} 12. Rad1 Nb6 13. b3 Rb8 14. Qd2 Nxc4 15. bxc4 Rb4 {0-1 (33) Retallick,L (2115)-Pym,T (2050) Telford 2005}) 12... Nb6 13. Be2 f5 14. e5 f4 15. exd6 exd6 16. Bc1 Bxc3 17. bxc3 Bf5 18. Bd3 Bxd3 19. Qxd3 c4 20. Qd2 Qf6 $11 21. Nd4 Rae8 22. Ba3 Re5 23. Rfe1 Rfe8 24. Rxe5 Qxe5 25. Nb5 Qxd5 26. Qxd5+ Ncxd5 27. Nxd6 Nxc3 28. Rb2 Re1+ 29. Kh2 Re2 30. Rxb6 axb6 31. Nxc4 Nd5 32. Kg1 Rxa2 33. Bd6 b5 34. Ne5 b4 35. Nd3 b3 36. Be5 Rc2 37. Kf1 Nb6 38. Ke1 Nc4 39. Bxf4 b2 40. Nxb2 Rxb2 0-1

[Event "WYCC 2018 G18"]
[Site "Halkidiki"]
[Date "2018.10.22"]
[Round "4"]
[White "Avetisyan, Mariam"]
[Black "Nistor, Valentina"]
[Result "0-1"]
[ECO "D37"]
[WhiteElo "2049"]
[BlackElo "1881"]
[Annotator "NA"]
[PlyCount "84"]
[EventDate "2018.10.20"]
[EventType "swiss"]
[EventCountry "GRE"]
[SourceTitle "playchess.com"]
[Source "ChessBase"]
[SourceQuality "1"]
[TimeControl "40/5400+30:1800+30"]

1. d4 d5 2. c4 e6 3. Nc3 Nf6 4. Nf3 a6 5. cxd5 exd5 6. Bg5 Be6 7. e3 Nbd7 8. Bd3 c6 $14 9. h3 Bd6 {[%emt 0:02:17] LiveBook: 11 Games} 10. O-O O-O 11. Rb1 h6 12. Bf4 Qc7 13. Bxd6 Qxd6 14. b4 b5 15. a4 Nb6 16. Qb3 Nc4 17. axb5 cxb5 18. Ra1 Rac8 19. Rfc1 Rc6 20. Rc2 Rfc8 21. Rac1 Qc7 22. Ne1 Qd7 23. Kh2 Bf5 24. Nd1 Ne4 25. f3 Qd6+ 26. Kg1 Ng3 27. Bxf5 Nxf5 28. Qd3 Qf6 29. f4 Re8 30. Re2 Rce6 31. Nc2 Ng3 32. Re1 Ne4 33. Na1 Qh4 34. Re2 Rg6 35. Kh2 Rg3 36. Nc2 Re6 37. f5 Rf6 38. Nf2 Nxf2 39. Rxf2 Rxh3+ 40. gxh3 Qxf2+ 41. Kh1 Rxf5 42. Qd1 Rf3 0-1

[Event "WYCC 2018 G18"]
[Site "Halkidiki"]
[Date "2018.10.22"]
[Round "4"]
[White "Tarini Goyal"]
[Black "Martynkova, Olena"]
[Result "1-0"]
[ECO "E67"]
[WhiteElo "2026"]
[BlackElo "2188"]
[Annotator "NA"]
[PlyCount "109"]
[EventDate "2018.10.20"]
[EventType "swiss"]
[EventCountry "GRE"]
[SourceTitle "playchess.com"]
[Source "ChessBase"]
[SourceQuality "1"]
[TimeControl "40/5400+30:1800+30"]

1. d4 Nf6 2. c4 g6 3. Nf3 Bg7 4. g3 O-O 5. Bg2 d6 6. Nc3 Nbd7 7. O-O e5 8. h3 exd4 9. Nxd4 Re8 10. e4 Nc5 11. Re1 Bd7 12. b4 Ne6 {[%emt 0:06:56] E68: King's Indian: Fianchetto: 6...Nbd7 7 0-0 e5 8 e4} 13. Nde2 (13. Be3 Qc8 14. Nde2 h6 15. f4 a5 16. a3 axb4 17. axb4 Rxa1 18. Qxa1 c6 19. Qd1 Qc7 20. Bf2 {½-½ (65) Ushenina,A (2416)-Harika,D (2504) Huaian 2017}) 13... a5 14. b5 $146 ({Predecessor:} 14. Rb1 axb4 15. Rxb4 Nc5 16. Qc2 Qc8 17. Kh2 Ra5 18. Nf4 c6 19. f3 Na6 20. Rb6 {0-1 (92) Rottenwohrer Suarez,J (2227)-Alonso Bouza,J (2391) Mondariz 2018}) 14... Nc5 15. Nd4 Qc8 16. Kh2 Re5 17. f4 Rh5 18. f5 Ng4+ 19. Kg1 Ne5 20. g4 Ned3 $16 21. Be3 Nxe1 22. Qxe1 Rh6 23. Qd2 Qf8 24. Bxh6 Bxh6 25. g5 Bg7 26. f6 Bh8 27. Nd5 Re8 28. Nxc7 Re5 29. Nd5 h6 30. h4 Nxe4 31. Qc2 Ng3 32. Qf2 Ne4 33. Qc2 Ng3 34. Qf2 Ne4 35. Qc2 Nc5 36. Nf3 Bf5 37. Qd2 Re4 38. gxh6 Ne6 39. Ng5 Nxg5 40. hxg5 Rxc4 41. Qe2 Rc2 42. Qe7 Qxe7 43. Nxe7+ Kh7 44. Bxb7 Be6 45. Bg2 a4 46. b6 Rb2 47. b7 d5 48. Nxd5 Rxb7 49. Nf4 Rb6 50. Nxe6 Rxe6 51. Rd1 Re5 52. Rd5 Rf5 53. a3 Bxf6 54. Rxf5 Bd4+ 55. Rf2 1-0

[Event "WYCC 2018 G18"]
[Site "Halkidiki"]
[Date "2018.10.22"]
[Round "4"]
[White "Greibrokk, Ingrid"]
[Black "Yurdakul, Didem Nuray"]
[Result "0-1"]
[ECO "B75"]
[WhiteElo "2018"]
[BlackElo "1604"]
[Annotator "NA"]
[PlyCount "100"]
[EventDate "2018.10.20"]
[EventType "swiss"]
[EventCountry "GRE"]
[SourceTitle "playchess.com"]
[Source "ChessBase"]
[SourceQuality "1"]
[TimeControl "40/5400+30:1800+30"]

1. e4 c5 2. Nf3 d6 3. d4 cxd4 4. Nxd4 Nf6 5. Nc3 g6 6. Be3 Bg7 7. f3 a6 8. Qd2 h5 9. O-O-O b5 10. h3 Bb7 11. Bd3 Nbd7 12. g4 Nc5 13. Nb3 Qc7 14. Kb1 Rc8 15. g5 Nfd7 16. Nd5 Bxd5 17. exd5 O-O 18. f4 Nxd3 19. Qxd3 Nb6 20. Bd4 Bxd4 21. Nxd4 Kh7 22. f5 Qc4 23. fxg6+ fxg6 24. Rhe1 Rf7 25. Nb3 Qxd3 26. Rxd3 Rc4 27. Na5 Rc5 28. Red1 Rxd5 29. Rxd5 Nxd5 30. a4 Rf5 31. axb5 axb5 32. h4 Kg7 33. Nc6 Kf7 34. Nd4 Rf4 35. Nxb5 Ne3 36. Re1 Nf5 37. Nc3 Rxh4 38. Ne4 Rg4 39. c4 Ng3 40. Nxg3 Rxg3 41. Kc2 Rxg5 42. b4 h4 43. b5 Rh5 44. Kc3 h3 45. b6 Rh8 46. Kb4 h2 47. Rh1 g5 48. Ka5 g4 49. b7 g3 50. Rb1 g2 0-1

[Event "WYCC 2018 G18"]
[Site "Halkidiki"]
[Date "2018.10.22"]
[Round "4"]
[White "Du, Yuxin"]
[Black "Mocanu, Valeria"]
[Result "1-0"]
[ECO "C54"]
[WhiteElo "2011"]
[BlackElo "1800"]
[Annotator "NA"]
[PlyCount "105"]
[EventDate "2018.10.20"]
[EventType "swiss"]
[EventCountry "GRE"]
[SourceTitle "playchess.com"]
[Source "ChessBase"]
[SourceQuality "1"]
[TimeControl "40/5400+30:1800+30"]

1. e4 e5 2. Nf3 Nc6 3. Bc4 Bc5 4. c3 Nf6 5. d4 exd4 6. e5 d5 7. Bb5 Ne4 8. cxd4 Bb6 9. Nc3 O-O 10. Be3 Bg4 11. h3 Bh5 12. Qc2 Bxf3 13. gxf3 Ng5 14. Bxc6 bxc6 15. Qf5 Ne6 16. O-O-O Qh4 17. f4 g6 18. Rhg1 Kh8 19. Qg4 Qxg4 20. Rxg4 Rfd8 21. Rg3 Ng7 22. Rgg1 Nf5 23. Na4 a6 24. Rd3 Rab8 25. a3 Ba7 26. Rgd1 Rb5 27. Rc3 Ne7 28. f5 c5 29. Bg5 Re8 30. fxg6 hxg6 31. Nxc5 Bxc5 32. Rxc5 Rxc5+ 33. dxc5 c6 34. Rd4 Ng8 35. f4 Rb8 36. Ra4 Ra8 37. Rb4 Kg7 38. Rb6 Rc8 39. Rxa6 Rc7 40. b4 f6 41. exf6+ Nxf6 42. Bxf6+ Kxf6 43. b5 Kf5 44. Rxc6 Re7 45. b6 Re1+ 46. Kd2 Rb1 47. Kc2 Rb5 48. a4 Rb4 49. a5 Kxf4 50. a6 Ke3 51. a7 d4 52. a8=Q d3+ 53. Kc3 1-0

[Event "WYCC 2018 G18"]
[Site "Halkidiki"]
[Date "2018.10.22"]
[Round "4"]
[White "Priyanka, Kumari"]
[Black "Rozman, Monika"]
[Result "1/2-1/2"]
[ECO "B90"]
[WhiteElo "2005"]
[BlackElo "2141"]
[Annotator "NA"]
[PlyCount "109"]
[EventDate "2018.10.20"]
[EventType "swiss"]
[EventCountry "GRE"]
[SourceTitle "playchess.com"]
[Source "ChessBase"]
[SourceQuality "1"]
[TimeControl "40/5400+30:1800+30"]

1. e4 c5 2. Nf3 d6 3. d4 cxd4 4. Nxd4 Nf6 5. Nc3 a6 6. Bd3 e5 7. Nde2 Be7 8. O-O Nbd7 9. Ng3 Nc5 10. Nd5 Nxd5 11. exd5 $15 Nxd3 12. Qxd3 O-O 13. c4 b5 14. cxb5 axb5 15. Qxb5 Ba6 16. Qc6 Bxf1 17. Nxf1 Qb8 18. Qc2 Rc8 19. Qd1 Ra5 20. a4 Qa8 21. Ne3 Bg5 22. b4 Bxe3 23. Bxe3 Rxd5 24. Qb3 Rb8 25. Ba7 Rxb4 26. Qxb4 Qxa7 27. a5 g6 28. h3 Rd4 29. Qb5 Rd2 30. Qf1 Qd4 31. a6 Rxf2 32. Qxf2 Qxa1+ 33. Qf1 Qa4 34. Qd3 d5 35. Qxd5 Qxa6 36. Qxe5 Qe6 37. Qd4 f6 38. Qa7 Qf7 39. Qd4 Qe7 40. Qc4+ Kg7 41. Kf2 Qa7+ 42. Kg3 Qe3+ 43. Kh2 Qe5+ 44. Kh1 g5 45. Qg4 Kg6 46. Qc8 Qd5 47. Qe8+ Qf7 48. Qe4+ f5 49. Qc6+ Qf6 50. Qe8+ Kh6 51. Qe3 Kg7 52. Qe2 Kh6 53. Qe3 Qd6 54. Qe2 Qf6 55. Qe3 1/2-1/2

[Event "WYCC 2018 G18"]
[Site "Halkidiki"]
[Date "2018.10.22"]
[Round "4"]
[White "Hamedi Nia, Vesal"]
[Black "Represa Perez, Mireya"]
[Result "1-0"]
[ECO "E11"]
[WhiteElo "1987"]
[BlackElo "2151"]
[Annotator "NA"]
[PlyCount "83"]
[EventDate "2018.10.20"]
[EventType "swiss"]
[EventCountry "GRE"]
[SourceTitle "playchess.com"]
[Source "ChessBase"]
[SourceQuality "1"]
[TimeControl "40/5400+30:1800+30"]

1. d4 Nf6 2. c4 e6 3. Nf3 Bb4+ 4. Nbd2 b6 5. a3 Bxd2+ 6. Qxd2 Bb7 7. e3 O-O 8. Be2 Ne4 9. Qc2 f5 10. O-O d6 11. b4 Rf6 12. Bb2 Rg6 13. d5 e5 14. Nd2 Nxd2 15. Qxd2 Nd7 16. Qc2 Qg5 17. g3 Rf8 18. f4 Qh6 19. Rae1 Bc8 20. Bd1 Qh4 21. Qg2 Qe7 22. e4 fxe4 23. Rxe4 Rgf6 24. Rfe1 Qf7 25. Bg4 Nb8 26. Bxc8 Rxc8 27. fxe5 dxe5 28. Bxe5 Rf5 29. Bd4 Rg5 30. Qe2 Rf8 31. Re8 Nd7 32. Re7 Qf5 33. Qe6+ Qxe6 34. dxe6 Nf6 35. Rxc7 Rg4 36. e7 Re8 37. Bf2 Kf7 38. Rxa7 Rxc4 39. Bxb6 Ne4 40. Bd8 Ng5 41. Rf1+ Kg8 42. Rf8+ 1-0

[Event "WYCC 2018 G18"]
[Site "Halkidiki"]
[Date "2018.10.22"]
[Round "4"]
[White "Stashis, Anna"]
[Black "Antolak, Julia"]
[Result "1/2-1/2"]
[ECO "B22"]
[WhiteElo "1979"]
[BlackElo "2240"]
[Annotator "NA"]
[PlyCount "42"]
[EventDate "2018.10.20"]
[EventType "swiss"]
[EventCountry "GRE"]
[SourceTitle "playchess.com"]
[Source "ChessBase"]
[SourceQuality "1"]
[TimeControl "40/5400+30:1800+30"]

1. e4 c5 2. c3 d5 3. exd5 Qxd5 4. d4 Nc6 5. Nf3 Bf5 6. Be3 cxd4 7. Nxd4 Nf6 8. Nxf5 Qxf5 9. Na3 e6 10. Qb3 O-O-O 11. Bb5 Qd5 12. Bxc6 Qxc6 13. O-O Bc5 14. Nc4 Ng4 15. Bxc5 Qxc5 16. h3 Nf6 17. Rae1 Rd5 18. Ne3 $11 Rd7 19. Rd1 Rhd8 20. Rxd7 Rxd7 21. Rd1 Rxd1+ 1/2-1/2

[Event "WYCC 2018 G18"]
[Site "Halkidiki"]
[Date "2018.10.22"]
[Round "4"]
[White "Manova, Ivana"]
[Black "Egyed, Judit"]
[Result "1/2-1/2"]
[ECO "B09"]
[WhiteElo "1951"]
[BlackElo "2089"]
[Annotator "NA"]
[PlyCount "62"]
[EventDate "2018.10.20"]
[EventType "swiss"]
[EventCountry "GRE"]
[SourceTitle "playchess.com"]
[Source "ChessBase"]
[SourceQuality "1"]
[TimeControl "40/5400+30:1800+30"]

1. e4 d6 2. d4 Nf6 3. Nc3 g6 4. f4 Bg7 5. Nf3 O-O 6. Bd3 b6 7. e5 Nfd7 8. O-O dxe5 9. fxe5 e6 10. Ng5 h6 11. Nxf7 Rxf7 12. Rxf7 Kxf7 13. Qf3+ Kg8 14. Qxa8 c6 15. Qxa7 c5 16. Be3 cxd4 17. Bxd4 Nc6 18. Qa4 Ndxe5 19. Bxe5 Nxe5 20. Qe4 Qc7 21. Nb5 Qc5+ 22. Kh1 h5 23. b4 Qe7 24. Qa8 Kh7 25. Qxc8 Nxd3 26. Rf1 Qxb4 27. cxd3 Qxb5 28. Qxe6 Qxd3 29. Re1 b5 30. Qe2 Qc3 31. Qe3 Qa5 1/2-1/2

[Event "WYCC 2018 G18"]
[Site "Halkidiki"]
[Date "2018.10.22"]
[Round "4"]
[White "Koehler, Inken"]
[Black "Limanovska, Elizabete"]
[Result "1/2-1/2"]
[ECO "A20"]
[WhiteElo "1934"]
[BlackElo "2072"]
[Annotator "NA"]
[PlyCount "128"]
[EventDate "2018.10.20"]
[EventType "swiss"]
[EventCountry "GRE"]
[SourceTitle "playchess.com"]
[Source "ChessBase"]
[SourceQuality "1"]
[TimeControl "40/5400+30:1800+30"]

1. c4 e5 2. g3 Nf6 3. Bg2 c6 4. d4 e4 5. Nc3 d5 6. cxd5 cxd5 7. Bg5 Nbd7 8. Qb3 Bd6 9. Nh3 h6 10. Bf4 Bxf4 11. Nxf4 Nb6 12. h4 O-O 13. O-O Bf5 14. Nd1 Qd6 15. Ne3 Bd7 $11 16. Rfc1 Rac8 17. Qd1 g6 18. Rxc8 Rxc8 19. Rc1 Qb4 20. Rxc8+ Bxc8 21. b3 Bd7 22. Kh2 Qc3 23. Bh3 Bxh3 24. Kxh3 h5 25. Kg2 Kg7 26. Qc2 Qxc2 27. Nxc2 Kf8 28. Ne3 Ke7 29. Kh3 Kd6 30. g4 hxg4+ 31. Nxg4 Nbd7 32. Kg3 b5 33. Nxf6 Nxf6 34. Nh3 Ne8 35. Ng5 Ke7 36. f3 Nd6 37. fxe4 f6 38. Nh3 Nxe4+ 39. Kf3 g5 40. hxg5 fxg5 41. Kg4 Kf6 42. a3 Kg6 43. b4 Nf6+ 44. Kg3 Kf5 45. Kg2 Ne4 46. e3 Nd2 47. Nf2 Nc4 48. Nd1 Nxa3 49. Nc3 Ke6 50. Kf3 a6 51. e4 dxe4+ 52. Nxe4 Nc2 53. Nc5+ Kf5 54. Nxa6 g4+ 55. Kg2 Kf4 56. Nc7 Nxd4 57. Nd5+ Kg5 58. Nc3 Kh4 59. Ne4 Nc2 60. Nc3 g3 61. Nxb5 Ne1+ 62. Kg1 Nd3 63. Nd4 Nxb4 64. Nf5+ Kh3 1/2-1/2

[Event "WYCC 2018 G18"]
[Site "Halkidiki"]
[Date "2018.10.22"]
[Round "4"]
[White "Vlkova, Anezka"]
[Black "Rakic, Tijana"]
[Result "1-0"]
[ECO "B01"]
[WhiteElo "1925"]
[BlackElo "1651"]
[Annotator "NA"]
[PlyCount "37"]
[EventDate "2018.10.20"]
[EventType "swiss"]
[EventCountry "GRE"]
[SourceTitle "playchess.com"]
[Source "ChessBase"]
[SourceQuality "1"]
[TimeControl "40/5400+30:1800+30"]

1. e4 d5 2. exd5 Qxd5 3. Nc3 Qd6 4. d4 Nf6 5. Nf3 g6 6. Nb5 Qb6 7. Bc4 c6 8. Na3 Bg7 9. O-O O-O 10. Re1 Qc7 11. c3 Bg4 12. Bg5 b5 13. Bb3 e6 14. h3 Bxf3 15. Qxf3 a5 16. Bxf6 Bxf6 17. Qxf6 Nd7 18. Qf3 a4 19. Bc2 1-0

[Event "WYCC 2018 G18"]
[Site "Halkidiki"]
[Date "2018.10.22"]
[Round "4"]
[White "Kieu, Bich Thuy"]
[Black "Radeva, Viktoria"]
[Result "0-1"]
[ECO "A00"]
[WhiteElo "1913"]
[BlackElo "2163"]
[Annotator "NA"]
[PlyCount "82"]
[EventDate "2018.10.20"]
[EventType "swiss"]
[EventCountry "GRE"]
[SourceTitle "playchess.com"]
[Source "ChessBase"]
[SourceQuality "1"]
[TimeControl "40/5400+30:1800+30"]

1. g3 d5 2. Bg2 c6 3. Nf3 Bg4 4. O-O Nd7 5. d3 Ngf6 6. Nc3 e5 7. e4 dxe4 8. dxe4 Bb4 9. h3 Bh5 10. Qe2 O-O 11. Bg5 h6 12. Bxf6 Qxf6 13. Rad1 Rfd8 14. g4 Bg6 15. Ne1 Nf8 16. Nd3 Bd6 17. Qe3 Ne6 18. Ne2 Bc7 19. Ng3 Bb6 20. Qc1 Nd4 21. c3 Nf3+ 22. Kh1 Qh4 23. Qc2 Qf6 24. Nf5 Bxf5 25. exf5 e4 26. Ne1 Qe5 27. Nxf3 exf3 28. Rfe1 Rxd1 29. Qxd1 fxg2+ 30. Kxg2 Qf4 31. Qf3 Qxf3+ 32. Kxf3 Kf8 33. Re2 Re8 34. Rd2 Ke7 35. Kg3 Rd8 36. Re2+ Kf6 37. h4 Rd3+ 38. Kg2 h5 39. f3 Be3 40. Kg3 hxg4 41. fxg4 Bg5+ 0-1

[Event "WYCC 2018 G18"]
[Site "Halkidiki"]
[Date "2018.10.22"]
[Round "4"]
[White "Gillis Onieva, Celia"]
[Black "Dimitrova, Aleksandra"]
[Result "0-1"]
[ECO "E04"]
[WhiteElo "1892"]
[BlackElo "2228"]
[Annotator "NA"]
[PlyCount "56"]
[EventDate "2018.10.20"]
[EventType "swiss"]
[EventCountry "GRE"]
[SourceTitle "playchess.com"]
[Source "ChessBase"]
[SourceQuality "1"]
[TimeControl "40/5400+30:1800+30"]

1. d4 Nf6 2. c4 e6 3. g3 d5 4. Nf3 dxc4 5. Bg2 Bd7 6. Ne5 Bc6 7. Nxc6 Nxc6 8. O-O Qd7 {E04: Open Catalan: 5 Nf3} 9. e3 O-O-O 10. Qa4 Nd5 11. Qxc4 h5 {LiveBook: 56 Games} 12. Nd2 h4 13. Nf3 hxg3 14. fxg3 $146 ({Predecessor:} 14. hxg3 f5 15. Bd2 Bd6 16. Rfc1 {0-1 (44) Laxman,R (2422)-Cornette,M (2567) Barbera del Valles 2012}) 14... f5 15. Bd2 Be7 16. Rfc1 Bf6 17. b4 g5 18. b5 Nce7 19. Rc2 Kb8 20. Rac1 Qe8 21. e4 fxe4 22. Nxg5 Nf5 23. Bxe4 Bxd4+ 24. Kh1 Nxg3+ 25. Kg2 Qh5 $19 26. Bh7 Rxh7 27. Nxh7 Nf5 28. Re1 Qg4+ 0-1

[Event "WYCC 2018 G18"]
[Site "Halkidiki"]
[Date "2018.10.22"]
[Round "4"]
[White "Dong, Khanh Linh"]
[Black "Horn, Caro"]
[Result "1-0"]
[ECO "E06"]
[WhiteElo "1879"]
[BlackElo "1133"]
[Annotator "NA"]
[PlyCount "55"]
[EventDate "2018.10.20"]
[EventType "swiss"]
[EventCountry "GRE"]
[SourceTitle "playchess.com"]
[Source "ChessBase"]
[SourceQuality "1"]
[TimeControl "40/5400+30:1800+30"]

1. d4 d5 2. Nf3 Nf6 3. c4 e6 4. g3 Be7 5. Bg2 O-O 6. O-O c5 7. dxc5 Bxc5 8. Bg5 Nbd7 9. cxd5 exd5 10. Nc3 d4 11. Nxd4 h6 12. Bxf6 Nxf6 13. Nb3 Qb6 14. Na4 Bxf2+ 15. Rxf2 Rd8 16. Nxb6 Rxd1+ 17. Rxd1 axb6 18. Rd8+ Kh7 19. e3 b5 20. Rc2 Rxa2 21. Rdxc8 Ra6 22. Nd4 Ra1+ 23. Rc1 Ra2 24. Bf1 Rxb2 25. Bd3+ g6 26. R1c7 Kg7 27. Ne6+ Kh7 28. Rxf7# 1-0

[Event "WYCC 2018 G18"]
[Site "Halkidiki"]
[Date "2018.10.22"]
[Round "4"]
[White "Nemcova, Kamila"]
[Black "Caballero Quijano, Mitzy Mishell"]
[Result "0-1"]
[ECO "C00"]
[WhiteElo "1879"]
[BlackElo "1956"]
[Annotator "NA"]
[PlyCount "94"]
[EventDate "2018.10.20"]
[EventType "swiss"]
[EventCountry "GRE"]
[SourceTitle "playchess.com"]
[Source "ChessBase"]
[SourceQuality "1"]
[TimeControl "40/5400+30:1800+30"]

1. e4 e6 2. d4 d5 3. Bd3 dxe4 4. Bxe4 Nf6 5. Bf3 c5 6. Ne2 Nc6 7. Be3 cxd4 8. Nxd4 Ne5 9. O-O Be7 10. Qe2 Nxf3+ 11. Qxf3 Nd5 12. Bd2 Bf6 13. c3 O-O 14. Na3 Bxd4 15. cxd4 b6 16. Rac1 Bb7 17. Qg3 Qf6 18. Rfd1 h6 19. Nb5 Ne7 20. Nd6 Bd5 21. Rc7 Ng6 22. Bb4 Nf4 23. Re1 Qg6 24. Qxg6 fxg6 25. Ne4 Rfc8 26. Rxc8+ Rxc8 27. Bd2 Nd3 28. Re3 Nxb2 29. Nc3 Nc4 30. Nxd5 exd5 31. Rc3 Re8 32. Be3 b5 33. Kf1 b4 34. Rb3 a5 35. Ke2 Kf7 36. Kd3 Ke6 37. Rb1 Kd7 38. Rf1 Kc6 39. Bc1 a4 40. Bd2 Rb8 41. Rb1 b3 42. axb3 axb3 43. Bc3 b2 44. Ke2 Kb5 45. Kf3 Ka4 46. Kf4 Rf8+ 47. Kg3 Kb3 0-1

[Event "WYCC 2018 G18"]
[Site "Halkidiki"]
[Date "2018.10.22"]
[Round "4"]
[White "Nguyen, Hong Ngoc"]
[Black "Ramirez Toledo, Ayleen Maribel"]
[Result "0-1"]
[ECO "A48"]
[WhiteElo "1861"]
[BlackElo "1545"]
[Annotator "NA"]
[PlyCount "94"]
[EventDate "2018.10.20"]
[EventType "swiss"]
[EventCountry "GRE"]
[SourceTitle "playchess.com"]
[Source "ChessBase"]
[SourceQuality "1"]
[TimeControl "40/5400+30:1800+30"]

1. d4 Nf6 2. Nf3 g6 3. Nbd2 Bg7 4. e4 d6 5. Bd3 O-O 6. O-O Nbd7 7. c3 e5 8. Re1 Ne8 9. Nc4 h6 10. b3 Kh8 11. Bc2 Qf6 12. Ne3 Nb6 13. Bb2 Qe7 14. a4 a5 15. Ba3 Nd7 16. Nc4 c5 17. Rb1 Nc7 18. b4 b6 19. dxe5 dxe5 20. Ne3 Nf6 21. bxc5 bxc5 22. Nd5 Nfxd5 23. exd5 Qd6 24. c4 f5 25. Nd2 Na6 26. Rb5 Bd7 27. Rxa5 Nb4 28. Rxa8 Rxa8 29. Bb3 e4 30. Nf1 Nd3 31. Re2 g5 32. Ng3 Be5 33. Bc2 Nf4 34. Re1 Ra6 35. Bxe4 Bxa4 36. Qc1 fxe4 37. Nxe4 Qd7 38. Nxc5 Qg4 39. g3 Nh3+ 40. Kf1 Rf6 41. Nd3 Bd4 42. Re6 Qf3 43. Qd2 Bd1 44. Re8+ Kh7 45. Re7+ Kg6 46. Ne5+ Bxe5 47. Rxe5 Qh1# 0-1

[Event "WYCC 2018 G18"]
[Site "Halkidiki"]
[Date "2018.10.22"]
[Round "4"]
[White "Muratova, Saltanat"]
[Black "Cvitan, Ena"]
[Result "1/2-1/2"]
[ECO "B10"]
[WhiteElo "1859"]
[BlackElo "2034"]
[Annotator "NA"]
[PlyCount "47"]
[EventDate "2018.10.20"]
[EventType "swiss"]
[EventCountry "GRE"]
[SourceTitle "playchess.com"]
[Source "ChessBase"]
[SourceQuality "1"]
[TimeControl "40/5400+30:1800+30"]

1. e4 c6 2. c4 d5 3. cxd5 cxd5 4. exd5 Nf6 5. Bb5+ Nbd7 6. Nc3 g6 7. d4 Bg7 8. d6 e6 9. Nf3 O-O 10. O-O $11 {[%emt 0:10:07] LiveBook: 33 Games} Nb6 11. Bf4 Nbd5 12. Be5 Nxc3 13. bxc3 Ne4 14. Qb3 Nxd6 15. Rfd1 Nxb5 16. Qxb5 Qe7 17. Nd2 b6 18. Ne4 Bb7 19. Nd6 Rfd8 20. Qb4 Bf8 21. Nxb7 Qxb7 22. Qb3 Rac8 23. Rac1 Bg7 24. Bxg7 1/2-1/2

[Event "WYCC 2018 G18"]
[Site "Halkidiki"]
[Date "2018.10.22"]
[Round "4"]
[White "Jie, Tianhui"]
[Black "Li, Yilin"]
[Result "1/2-1/2"]
[ECO "D43"]
[WhiteElo "1849"]
[BlackElo "1993"]
[Annotator "NA"]
[PlyCount "138"]
[EventDate "2018.10.20"]
[EventType "swiss"]
[EventCountry "GRE"]
[SourceTitle "playchess.com"]
[Source "ChessBase"]
[SourceQuality "1"]
[TimeControl "40/5400+30:1800+30"]

1. d4 d5 2. c4 c6 3. Nc3 Nf6 4. Nf3 e6 5. cxd5 exd5 6. Bg5 Be7 7. e3 Nbd7 8. Bd3 O-O 9. O-O Ne4 10. Bxe7 Qxe7 11. Qc2 f5 12. Rab1 Ndf6 13. b4 b5 $16 14. Ne5 Bd7 15. Ne2 Rfc8 16. Ng3 g6 17. Rfc1 Nd6 18. h4 a5 19. h5 Be8 20. bxa5 Rxa5 21. hxg6 hxg6 22. Ra1 Nc4 23. Bxc4 dxc4 24. e4 f4 25. Ne2 g5 26. f3 c5 27. Qc3 Ra7 28. d5 b4 29. d6 bxc3 30. dxe7 Rxe7 31. Nxc4 Rd8 32. Nxc3 Rd4 33. Na3 Rd2 34. Nc4 Rd4 35. Nb6 Nh5 36. Ncd5 Rh7 37. Rd1 Kf8 38. Rxd4 cxd4 39. Kf2 Ng3 40. a4 Bc6 41. Rg1 Ra7 42. Rd1 Bxd5 43. exd5 Rc7 44. Ke1 Nf5 45. Kd2 Ke7 46. a5 Kd8 47. Ra1 Ne3 48. Ra2 Nf5 49. a6 Ra7 50. Nc4 Ne3 51. Ne5 Kc7 52. Nc6 Ra8 53. Nxd4 Nxd5 54. Ne6+ Kb6 55. a7 Rxa7 56. Rxa7 Kxa7 57. Ke2 Kb6 58. Nxg5 Kc6 59. Nf7 Kd7 60. Kf2 Ke6 61. Ng5+ Kf5 62. Ne4 Ne7 63. Kg1 Ng6 64. Kh2 Ne5 65. Kh3 Ng6 66. Nd6+ Kg5 67. Nf7+ Kf5 68. Nd8 Ne5 69. Nb7 Kg5 1/2-1/2

[Event "WYCC 2018 G18"]
[Site "Halkidiki"]
[Date "2018.10.22"]
[Round "4"]
[White "Cosme Contreras, Trilce"]
[Black "Sevilla, Julia"]
[Result "1/2-1/2"]
[ECO "D52"]
[WhiteElo "1829"]
[BlackElo "1947"]
[Annotator "NA"]
[PlyCount "99"]
[EventDate "2018.10.20"]
[EventType "swiss"]
[EventCountry "GRE"]
[SourceTitle "playchess.com"]
[Source "ChessBase"]
[SourceQuality "1"]
[TimeControl "40/5400+30:1800+30"]

1. d4 d5 2. c4 c6 3. Nc3 Nf6 4. Nf3 e6 5. Bg5 Nbd7 6. e3 Qa5 7. cxd5 exd5 8. Bd3 Bb4 9. Qc2 {[%emt 0:05:22] LiveBook: 17 Games} O-O 10. O-O Re8 11. Bf4 h6 $14 12. a3 Bxc3 13. bxc3 c5 14. c4 cxd4 15. Nxd4 Nc5 16. Nb3 Nxb3 17. Qxb3 Be6 18. Qb5 Qxb5 19. cxb5 Rac8 20. Rac1 Nd7 21. Bd6 Nb6 22. Bc5 Nc4 23. Bxa7 Nxa3 24. Bd4 Bd7 25. b6 Bb5 26. Bxb5 Nxb5 27. f3 Rc4 28. Kf2 Rec8 29. Rxc4 dxc4 30. Ke2 f6 31. Rb1 Nd6 32. Kd2 Kf7 33. Kc3 Ke6 34. e4 g6 35. Kb4 Rc6 36. Rc1 h5 37. Bc5 Nf7 38. Rxc4 Ne5 39. Rc3 Nd7 40. Be3 Rxc3 41. Kxc3 Kd6 42. Kb4 Kc6 43. Bd4 f5 44. exf5 gxf5 45. g3 Nxb6 46. Bxb6 Kxb6 47. h3 Kc6 48. g4 fxg4 49. fxg4 hxg4 50. hxg4 1/2-1/2

[Event "WYCC 2018 G18"]
[Site "Halkidiki"]
[Date "2018.10.22"]
[Round "4"]
[White "Tonso, Liina"]
[Black "Tsivelekidou, Evgenia"]
[Result "1/2-1/2"]
[ECO "E11"]
[WhiteElo "1805"]
[BlackElo "1891"]
[Annotator "NA"]
[PlyCount "82"]
[EventDate "2018.10.20"]
[EventType "swiss"]
[EventCountry "GRE"]
[SourceTitle "playchess.com"]
[Source "ChessBase"]
[SourceQuality "1"]
[TimeControl "40/5400+30:1800+30"]

1. d4 Nf6 2. Nf3 e6 3. c4 Bb4+ 4. Nbd2 O-O 5. a3 Bxd2+ 6. Qxd2 d6 7. b4 Ne4 8. Qc2 f5 9. e3 Nd7 10. Bb2 b6 11. Be2 Bb7 12. O-O Ndf6 13. d5 e5 14. Ne1 Bc8 15. f3 Ng5 16. Rd1 a5 17. c5 axb4 18. axb4 bxc5 19. bxc5 Qe7 20. Bc4 Kh8 21. c6 Ba6 22. h4 Bxc4 23. Qxc4 Nf7 24. Nd3 Nh5 25. Ra1 Rxa1 26. Rxa1 e4 27. fxe4 Qxh4 28. Qd4 fxe4 29. Nf4 Ne5 30. Qxe4 Ng3 31. Qc2 Ng4 32. Nh3 Nxe3 33. Bxg7+ Kxg7 34. Qc3+ Kg8 35. Qxe3 Ne2+ 36. Kh2 Nf4 37. Rf1 Nxh3 38. Rxf8+ Kxf8 39. gxh3 Qf6 40. Kg3 Qg6+ 41. Kh2 Qc2+ 1/2-1/2